 Dungeon Crawl Stone Soup version 0.31.0 (webtiles) character file.

Game seed: 6110209007742290832

50 qw the Shooter (level 3, 0/22 HPs)
             Began as a Gargoyle Hunter on Jan 20, 2024.
             Killed by divine providence
             ... invoked by an orc priest
              (11 damage)
             ... on level 3 of the Dungeon.
             The game lasted 00:00:04 (1414 turns).

qw the Shooter (Gargoyle Hunter)                    Turns: 1414, Time: 00:00:05

Health: 0/22       AC:  8    Str: 14    XL:     3   Next: 79%
Magic:  3/3        EV: 10    Int:  9    God:
Gold:   70         SH:  0    Dex: 15    Spells: 2/2 levels left

rFire   . . .        a - +0 shortbow
rCold   . . .        (shield currently unavailable)
rNeg    + . .        g - +0 ring mail
rPois   inf          (no helmet)
rElec   +            (no cloak)
rCorr   .            (no gloves)
SInv    .            (no boots)
Will    .....        (no amulet)
Stlth   +            (no ring)
HPRegen 0.23/turn    (no ring)
MPRegen 0.08/turn

%: no passive effects
@: no status effects
A: sickness immunity, AC +3, negative energy resistance 1, electricity
resistance, torment resistance 1, petrification resistance
a: no special abilities


You were on level 3 of the Dungeon.
You visited 1 branch of the dungeon, and saw 3 of its levels.

You collected 70 gold pieces.


Innate Abilities, Weirdness & Mutations

You are immune to sickness and miasma.
Your stone body is resilient. (AC +3)
You are immune to poison.
You resist negative energy. (rN+)
You are resistant to electric shocks. (rElec)
You are resistant to unholy torment.
You are immune to petrification.


   Skills:
 + Level 2.6 Fighting
 - Level 5.0 Ranged Weapons
 - Level 1.0 Armour
 - Level 1.5 Dodging
 - Level 1.1 Stealth


You had 2 spell levels left.
You didn't know any spells.
Your spell library was empty.

Inventory:

Hand Weapons
 a - a +0 shortbow (weapon)
Armour
 g - a +0 ring mail (worn)
Potions
 b - a potion of might
 e - a potion of curing

Dungeon Overview and Level Annotations

Branches:
Dungeon (3/15)

Altars:

Shops:
D:1 *


Message History

The arrow hits the orc but does no damage.
You feel a little less mighty now.
You hear an angry hiss.
You hear a shout!
An orc priest comes into view. It is wielding a +0 club.
The orc priest shouts!
You shoot an arrow. The arrow closely misses the orc.
You shoot an arrow. The arrow hits the orc!
You kill the orc!
A ball python comes into view.
You shoot an arrow. The arrow hits the orc priest.
The orc priest is moderately wounded.
An orc comes into view. It is wielding a +0 club.
The orc priest invokes the aid of Beogh against you.
Beogh smites you!
The orc shouts!
You shoot an arrow. The arrow hits the orc priest.
The orc priest is heavily wounded.
An orc comes into view. It is wielding a +0 hand axe.
You shoot an arrow. The arrow barely misses the orc priest.
The arrow barely misses the ball python.
The arrow closely misses the orc.
An orc wizard comes into view. It is wielding a +0 dagger.
You shoot an arrow. The orc wizard shouts!
The arrow hits the orc priest.
The orc priest is heavily wounded.
You hear an angry hiss.
The ball python bites you. The ball python closely misses you.
You shoot an arrow.
The arrow closely misses the ball python.
The arrow hits the orc priest.
The orc priest is severely wounded.
An adder comes into view.
The ball python closely misses you. x2
1414 ||| RETREEEEATING.
You shoot an arrow. The arrow hits the orc priest.
The orc priest is almost dead.
The orc priest invokes the aid of Beogh against you.
Beogh smites you!
Ouch! That really hurt!
You die...

...# ....
#.#).# #
#.#o.#
#.#.#.o##
.#.....o.
....S.oS#
#.#.@#
#.#..#
#.#..#
#.#..####.#
#.<.......#
###..######
#..# #..#
...#


You could see an orc priest, an orc wizard, an adder, 2 orcs and a ball python.

Vanquished Creatures
  A dart slug (D:1)
  An orc (D:3)
  4 endoplasms
  2 giant cockroaches
  7 hobgoblins
  4 kobolds
  2 quokkas
  5 bats (D:1)
  4 frilled lizards
  5 goblins
  7 rats
42 creatures vanquished.

Notes
Turn   | Place    | Note
-------+----------+-------------------------------------------
     0 | D:1      | qw the Gargoyle Hunter began the quest for the Orb.
     0 | D:1      | Reached XP level 1. HP: 12/12 MP: 1/1
     0 | D:1      | 0 ||| qw: Version: 0.3-a-132-g3d54051
     0 | D:1      | 0 ||| qw: Game counter: 448
     0 | D:1      | 0 ||| qw: Melee chars always use a shield: true
     0 | D:1      | 0 ||| qw: God list: Okawaru
     0 | D:1      | 0 ||| qw: Allow faded altars: false
     0 | D:1      | 0 ||| qw: Do Orc after clearing Dungeon:15 true
     0 | D:1      | 0 ||| qw: Do second Lair branch before Depths: true
     0 | D:1      | 0 ||| qw: Lair rune preference: random
     0 | D:1      | 0 ||| qw: Goals: Normal
     0 | D:1      | 0 ||| PLANNING D:1-11
   113 | D:1      | Reached XP level 2. HP: 17/17 MP: 2/2
   297 | D:1      | Found Plog's General Store.
   302 | D:1      | Reached XP level 3. HP: 21/21 MP: 3/3
   307 | D:1      | 307 ||| SHOPLISTING potion of curing (42 gold, have 24).
   649 | D:1      | Reached skill level 5 in Ranged Weapons
   788 | D:1      | 788 ||| UPGRADING to +0 ring mail.
   798 | D:1      | 798 ||| DROPPING +0 leather armour.
   799 | D:1      | 799 ||| READING scroll labelled QAELUI AHAICY.
   799 | D:1      | 799 ||| IDENTIFYING fuming green potion
   800 | D:1      | 800 ||| READING 3 scrolls labelled VOGIBB GOTSIGA.
   801 | D:1      | 801 ||| READING scroll labelled VETEIS VAESO.
   802 | D:1      | 802 ||| DROPPING scroll of butterflies.
   803 | D:1      | 803 ||| DROPPING 2 scrolls of poison.
  1143 | D:2      | Reached skill level 1 in Armour
  1364 | D:2      | 1364 ||| READING 2 scrolls of identify.
  1364 | D:2      | 1364 ||| IDENTIFYING smoky brown potion
  1365 | D:2      | 1365 ||| READING scroll of identify.
  1365 | D:2      | 1365 ||| IDENTIFYING puce potion
  1366 | D:2      | 1366 ||| DRINKING 2 blue potions.
  1367 | D:2      | 1367 ||| DROPPING potion of brilliance.
  1368 | D:2      | 1368 ||| DROPPING potion of berserk rage.
  1414 | D:3      | 1414 ||| RETREEEEATING.
  1414 | D:3      | Killed from afar by an orc priest

Levels and vault maps discovered:
D:1:      saegor_arrival_simple_a, layout_basic, serial_shops,
          nicolae_shop_temple_entry_statues_fountains
D:2:      layout_basic
D:3:      layout_loops_ring, uniq_ijyb, uniq_terence, uniq_crazy_yiuf_cottage,
          uniq_jessica

Skill      XL: |  1  2  3 |
---------------+----------+-----
Ranged Weapons | 5 |  5.0
Armour         | 1 |  1.0
Fighting       | |  2.6
Dodging        | |  1.5
Stealth        | |  1.1

Action                     || total
---------------------------++-------
   Fire: Shortbow          ||   138
    Use: Scroll            ||     5
         Potion            ||     1
 Armour: Leather armour    ||    24
         Ring mail         ||    11
  Dodge: Dodged            ||    25

Table legend:
 A = Non-vault XP
 B = Vault XP
 C = Vault XP percentage of total XP
 D = Non-vault monster count
 E = Vault monster count
 F = Vault count percentage of total count
                 A         B        C        D         E       F
            +---------+---------+-------+---------+---------+-------
      Total |      72 |       0 |   0.0 |      42 |       0 |   0.0
            +---------+---------+-------+---------+---------+-------
        D:1 |      42 |       0 |   0.0 |      25 |       0 |   0.0
        D:2 |      27 |       0 |   0.0 |      16 |       0 |   0.0
        D:3 |       3 |       0 |   0.0 |       1 |       0 |   0.0
            +---------+---------+-------+---------+---------+-------
